 Dungeon Crawl Stone Soup version 0.31-a0-672-g7da72447bb (webtiles) character file.

Game seed: 5927676811004108533

3803 pokeman the Thaumaturge (level 9, 0/50 HPs)
             Began as a Deep Elf Hedge Wizard on Sept 4, 2023.
             Slain by a fire elemental (5 damage)
             ... on level 8 of the Dungeon.
             The game lasted 00:19:53 (9221 turns).

pokeman the Thaumaturge (Deep Elf Hedge Wizard)     Turns: 9221, Time: 00:19:54

Health: 0/50       AC:  8    Str: 10    XL:     9   Next: 96%
Magic:  19/27      EV: 12    Int: 24    God:
Gold:   516        SH:  0    Dex: 14    Spells: 15/32 levels left

rFire   + . .        D - +3 falchion (elec)
rCold   . . .        (no shield)
rNeg    . . .        E - +2 leather armour {rF+}
rPois   .            c - +0 hat
rElec   .            (no cloak)
rCorr   .            o - +1 pair of gloves {Str+3}
SInv    .            w - +0 pair of boots
Will    .....        y - amulet of magic regeneration
Stlth   ++           (no ring)
HPRegen 0.28/turn    (no ring)
MPRegen 0.60/turn

%: no passive effects
@: on blink cooldown
A: no striking features
a: no special abilities


You were on level 8 of the Dungeon.
You visited 2 branches of the dungeon, and saw 9 of its levels.
You also visited: Ossuary.

You collected 516 gold pieces.

Inventory:

Hand Weapons
 v - a +2 dagger of pain
 D - a +3 falchion of electrocution (weapon)
Armour
 c - a +0 hat (worn)
 i - an orb of mayhem
 k - a +1 robe of willpower
 o - a +1 pair of gloves of strength (worn)
 w - a +0 pair of boots (worn)
 E - a +2 leather armour of fire resistance (worn)
Magical Staves
 L - a staff of conjuration
Jewellery
 t - a ring of ice
 y - an amulet of magic regeneration (around neck)
 B - a ring of ice
Wands
 a - a wand of roots (10)
 j - a wand of flame (56)
 p - a wand of light (1)
 u - a wand of paralysis (6)
 K - a wand of polymorph (1)
Scrolls
 g - 9 scrolls of identify {unknown}
 h - 5 scrolls of immolation
 l - 3 scrolls of teleportation {unknown}
 q - 3 scrolls of revelation {unknown}
 s - a scroll of enchant armour {unknown}
 x - 3 scrolls of blinking {unknown}
 A - a scroll of brand weapon {unknown}
 C - 2 scrolls of fear {unknown}
 F - 2 scrolls of enchant weapon {unknown}
 I - 2 scrolls of fog {unknown}
 M - a scroll of torment {unknown}
Potions
 b - a potion of invisibility {unknown}
 d - 2 potions of magic
 e - 4 potions of brilliance {unknown}
 f - 3 potions of mutation {unknown}
 m - 6 potions of curing {unknown}
 n - a potion of resistance {unknown}
 r - 2 potions of heal wounds {unknown}
 z - 6 potions of haste {unknown}
 G - a potion of might {unknown}
 H - a potion of enlightenment {unknown}
 J - a potion of berserk rage {unknown}


   Skills:
 + Level 3.1 Fighting
 - Level 4.0 Armour
 - Level 3.0 Dodging
 - Level 3.0 Stealth
 * Level 12.4 Spellcasting
 + Level 6.9 Conjurations
 - Level 1.1 Summonings
 - Level 1.0 Necromancy
 - Level 1.1 Translocations
 - Level 2.1 Transmutations
 - Level 1.0 Ice Magic
 - Level 1.1 Air Magic
 + Level 5.1 Earth Magic
 - Level 1.1 Poison Magic
 - Level 1.2 Evocations


You had 15 spell levels left.
You knew the following spells:

 Your Spells              Type           Power      Damage    Failure   Level
a - Magic Dart            Conj           100%       1d8       1%          1
b - Mephitic Cloud        Conj/Pois/Air  29%        N/A       4%          3
c - Call Imp              Summ           40%        N/A       5%          2
d - Blink                 Tloc           40%        N/A       5%          2
e - Poisonous Vapours     Pois/Air       40%        N/A       4%          2
f - Freezing Cloud        Conj/Ice/Air   14%        6-21      41%         5
g - Passwall              Tmut/Erth      26%        N/A       1%          2

Your spell library contained the following spells:

 Spells                   Type           Power      Damage    Failure   Level
 Necrotise                Necr           76%        1d7       3%          1
 Hailstorm                Conj/Ice       34%        3d9       3%          3
 Slow                     Hex            56%        N/A       5%          1
 Cigotuvi's Dreadful Rot  Necr/Pois/Air  40%        N/A       5%          2
 Ensorcelled Hibernation  Hex/Ice        34%        N/A       7%          2
 Swiftness                Air            20%        N/A       10%         3
 Ozocubu's Armour         Ice            19%        N/A       11%         3
 Vampiric Draining        Necr           19%        2d7       11%         3
 Summon Ice Beast         Ice/Summ       20%        N/A       34%         4
 Agony                    Necr           19%        N/A       69%         5
 Metabolic Englaciation   Hex/Ice        8%         N/A       77%         5
 Simulacrum               Ice/Necr       9%         N/A       99%         6


Dungeon Overview and Level Annotations

Branches:
Dungeon (8/15)             Temple (1/1) D:7         Ossuary (visited)
   Lair: D:8-11

Altars:
Ashenzari
Cheibriados
Gozag
Kikubaaqudgha
Makhleb
Nemelex Xobeh
Okawaru
Qazlal
Ru
Trog
Uskayaw
Xom
Yredelemnul
Zin
The Shining One

Annotations:
D:4 2 runed translucent doors, AtlasWard's ghost, novice OgGl
D:5 3 runed translucent doors, thirtiethelement's ghost, novice DsNe
D:6 Gold behind rock
D:8 1 transporter, Bravepunisher's ghost, weakling SpMo


Message History

Confirm with . or Enter, or press ? or * to list all spells.
You blink.
Casting: Blink (safe; 5% risk of failure)
Confirm with . or Enter, or press ? or * to list all spells.
A tiny devil pulls itself out of the air.
The fire elemental hits you. The fire elemental burns you! You resist.
* * * LOW HITPOINT WARNING * * *
Your cerulean imp closely misses the fire elemental.
Unknown command.
You swap places.
The fire elemental hits your cerulean imp.
The fire elemental burns your cerulean imp!
Your cerulean imp closely misses the fire elemental.
You feel stable enough to blink again.
The fire elemental hits your cerulean imp.
The fire elemental burns your cerulean imp!
Your cerulean imp dies!
Your cerulean imp disappears in a puff of smoke!
Your magical contamination has completely faded away.
Aiming: Polymorph
Press: ? - help, Shift-Dir - straight line, f - you, p - fire elemental
Okay, then.
Unknown command.
Aiming: Bolt of Light
Press: ? - help, Shift-Dir - straight line, f/p - fire elemental
Aim: a fire elemental (moderately damaged, 64% to hit)
The bolt of light hits the fire elemental!
The fire elemental is heavily damaged.
Unknown command.
Casting: Call Imp (safe; 5% risk of failure)
Confirm with . or Enter, or press ? or * to list all spells.
You blink.
Unknown command.
Aiming: Bolt of Light
Press: ? - help, Shift-Dir - straight line, f/p - fire elemental
Aim: a fire elemental (translocational energy, heavily damaged, 64% to hit)
The bolt of light hits the fire elemental!
The fire elemental is almost destroyed.
The fire elemental hits you. The fire elemental burns you! You resist.
You die...

##.#.......###...#
.§#.....# #.......###
##..# .##.####
####.#### ##.## ###'#.#
#.# ######'## #.#.#.#
#.# #.......# #..5..#
#.# #.####..# ###○###
#.# #.# ##..# #.#
#.######.###...######.#
#.##..).....@E§○......#
#.##.###.###...########
#....# #.####..# ######
#.......# ######.## ###
##


You could see a fire elemental.

Vanquished Creatures
  Grinder (D:3)
  Sigmund (D:2)
  Eustachio (D:5)
  3 fire bats (D:8)
  A water moccasin (D:6)
  3 black bears
  3 ice beasts
  2 orc warriors (D:8)
  3 ogres
  A phantom (D:4)
  4 scorpions
  3 wights (D:7)
  A howler monkey (D:5)
  A centaur zombie (Ossuary)
  2 hounds
  A human zombie (Ossuary)
  2 jellies
  3 sleepcaps
  A gnoll bouda (D:5)
  2 orc priests
  Jessica (D:2)
  6 iguanas
  Natasha (thrice) (D:2)
  Terence (D:2)
  7 orc wizards
  5 mummies (Ossuary)
  8 gnolls
  9 adders
  3 white imps
  A worm (D:4)
  19 orcs
  8 bats
  4 endoplasms
  4 giant cockroaches
  A gnoll zombie (Ossuary)
  4 goblins
  10 hobgoblins
  5 jackals
  5 ball pythons
  A frilled lizard (D:1)
  3 goblin zombies (Ossuary)
  A hobgoblin zombie (Ossuary)
  A kobold (D:1)
  A kobold zombie (Ossuary)
  A rat (D:2)
151 creatures vanquished.

Vanquished Creatures (collateral kills)
  An orc warrior (D:8)
  A jelly (D:5)
  An orc wizard (D:6)
3 creatures vanquished.

Grand Total: 154 creatures vanquished

Notes
Turn   | Place    | Note
-------+----------+-------------------------------------------
     0 | D:1      | pokeman the Deep Elf Hedge Wizard began the quest for the
                  | Orb.
     0 | D:1      | Reached XP level 1. HP: 10/10 MP: 7/7
   368 | D:1      | Reached XP level 2. HP: 16/16 MP: 6/9
  1265 | D:2      | Noticed Sigmund
  1304 | D:2      | Reached skill level 5 in Spellcasting
  1304 | D:2      | Reached XP level 3. HP: 4/20 MP: 3/11
  1308 | D:2      | Learned a level 3 spell: Mephitic Cloud
  1311 | D:2      | Learned a level 2 spell: Call Imp
  1314 | D:2      | Learned a level 2 spell: Blink
  1397 | D:2      | Killed Sigmund
  1398 | D:2      | Reached skill level 1 in Fighting
  1398 | D:2      | Reached skill level 1 in Armour
  1398 | D:2      | Reached skill level 6 in Spellcasting
  1398 | D:2      | Reached XP level 4. HP: 26/26 MP: 9/14
  1398 | D:2      | Reached XP level 5. HP: 30/30 MP: 9/15
  1472 | D:2      | Noticed Terence
  1483 | D:2      | Killed Terence
  1773 | D:2      | Found an iron altar of Okawaru.
  1941 | D:2      | Noticed Jessica
  1949 | D:2      | Killed Jessica
  1950 | D:2      | Reached XP level 6. HP: 35/35 MP: 12/17
  2125 | D:2      | Noticed Natasha
  2138 | D:2      | Killed Natasha
  2269 | D:2      | Noticed Natasha
  2284 | D:2      | Killed Natasha
  2507 | D:2      | Noticed Natasha
  2525 | D:2      | Killed Natasha
  2526 | D:2      | Reached skill level 7 in Spellcasting
  2530 | D:3      | Found a faded altar of an unknown god.
  2927 | D:3      | Noticed Grinder
  3364 | D:3      | Killed Grinder
  3365 | D:3      | Reached skill level 1 in Air Magic
  3365 | D:3      | Reached skill level 1 in Poison Magic
  3365 | D:3      | Reached skill level 1 in Evocations
  3365 | D:3      | Reached XP level 7. HP: 40/40 MP: 17/20
  3368 | D:3      | Learned a level 2 spell: Passwall
  3629 | D:4      | Found a bloodstained altar of Trog.
  3679 | D:4      | Reached skill level 8 in Spellcasting
  3831 | D:4      | Reached skill level 1 in Necromancy
  3994 | D:4      | Reached skill level 1 in Earth Magic
  4023 | D:4      | Reached skill level 1 in Transmutations
  4398 | D:4      | Found a large runed translucent door.
  4399 | D:4      | Found a large runed translucent door.
  4401 | D:4      | Noticed AtlasWard's ghost (novice OgGl)
  4774 | D:5      | Entered Level 5 of the Dungeon
  4851 | D:5      | Reached XP level 8. HP: 45/45 MP: 15/22
  4885 | D:5      | Reached skill level 9 in Spellcasting
  5137 | D:5      | Reached skill level 5 in Conjurations
  5240 | D:5      | Learned a level 2 spell: Poisonous Vapours
  5246 | D:5      | Learned a level 5 spell: Freezing Cloud
  5254 | D:5      | Noticed Eustachio
  5281 | D:5      | Killed Eustachio
  5282 | D:5      | Reached skill level 10 in Spellcasting
  5494 | D:5      | Found a runed translucent gate.
  5494 | D:5      | Found a runed translucent gate.
  5494 | D:5      | Found a runed translucent gate.
  5494 | D:5      | Noticed thirtiethelement's ghost (novice DsNe)
  5511 | D:5      | Found a glowing silver altar of Zin.
  5511 | D:5      | Found a burning altar of Makhleb.
  5512 | D:5      | Noticed a blizzard demon
  5512 | D:5      | Noticed an angel
  5863 | D:6      | Reached skill level 1 in Ice Magic
  5934 | D:6      | Reached XP level 9. HP: 10/50 MP: 14/25
  5963 | D:6      | Found a sand-covered staircase.
  6050 | Ossuary  | Entered an ossuary
  6689 | D:6      | Reached skill level 11 in Spellcasting
  7378 | D:7      | Found a staircase to the Ecumenical Temple.
  7423 | Temple   | Entered the Ecumenical Temple
  8565 | D:8      | Found a transporter.
  8592 | D:8      | Noticed Bravepunisher's ghost (weakling SpMo)
  8849 | D:8      | Reached skill level 12 in Spellcasting
  9187 | D:8      | Reached skill level 5 in Earth Magic
  9221 | D:8      | Slain by a fire elemental

Illustrated notes

Levels and vault maps discovered:
D:1:      kennysheep_arrival_forest, layout_basic, nrook_mini_vaults
D:2:      layout_loops_ring, basic_altar, serial_park_tiny_2,
          grunt_ministairs_14, minmay_cut_off, uniq_jessica, uniq_natasha,
          uniq_sigmund, uniq_terence
D:3:      layout_loops_ring, ebering_ecumenical_altar_webs,
          kennysheep_cross_bottleneck, uniq_grinder
D:4:      layout_loops_ring, nicolae_overflow_hidden_temple,
          ebering_ghost_disaster_area
D:5:      layout_loops_ring, grunt_temple_overflow_order_and_chaos_2,
          gammafunk_ghost_nasty_kobolds, uniq_eustachio
D:6:      layout_cave_pools, lightli_ossuary_entry_decrepit_ruins,
          item_on_display_a
D:7:      layout_loops_corners, temple_doors_e, serial_aquarium,
          aquarium_bridge_square [aquarium_subvault_wall,
          aquarium_subvault_wall, aquarium_subvault_bridge,
          aquarium_subvault_wall], aquarium_bridge_long_separate
          [aquarium_subvault_bridge, aquarium_subvault_bridge,
          aquarium_subvault_balcony, aquarium_subvault_bridge,
          aquarium_subvault_balcony, aquarium_subvault_bridge],
          aquarium_window_1, aquarium_window_1, aquarium_window_corridor_1,
          aquarium_window_corner, aquarium_view_2d, aquarium_view_2c,
          aquarium_balcony_5b
D:8:      kennysheep_seaside_town, layout_loops_corners,
          gammafunk_ghost_stat_death, hangedman_incinerator
Temple:   hc_temple_tempest_star

Skill      XL: |  1  2  3  4  5  6  7  8  9 |
---------------+----------------------------+-----
Spellcasting   | 5 6 7 8 10 12 | 12.4
Fighting       | 1 2 3 |  3.1
Armour         | 1 2 4 |  4.0
Conjurations   | 2 3 4 5 6 |  6.9
Dodging        | 3 |  3.0
Stealth        | 3 |  3.0
Air Magic      | 1 |  1.1
Poison Magic   | 1 |  1.1
Evocations     | 1 |  1.2
Necromancy     | 1 |  1.0
Earth Magic    | 1 3 5 |  5.1
Transmutations | 1 2 |  2.1
Ice Magic      | 1 |  1.0
Summonings     | |  1.1
Translocations | |  1.1

Action                     |  1- 3 |  4- 6 |  7- 9 || total
---------------------------+-------+-------+-------++-------
  Melee: Dagger            |    11 |    34 |    50 ||    95
         Punch             |       |     1 |       ||     1
         Falchion          |       |       |    90 ||    90
   Cast: Magic Dart        |    51 |    77 |   316 ||   444
         Mephitic Cloud    |     1 |     4 |    36 ||    41
         Call Imp          |     1 |     1 |    20 ||    22
         Poisonous Vapours |       |       |    21 ||    21
         Blink             |       |       |     7 ||     7
  Evoke: Wand              |       |     5 |     4 ||     9
   Stab: Confused          |     2 |     3 |    12 ||    17
         Paralysed         |       |     4 |       ||     4
         Sleeping          |       |       |     1 ||     1
 Armour: Robe              |     8 |    16 |    45 ||    69
         Leather armour    |       |       |   111 ||   111
  Dodge: Dodged            |    10 |    19 |   131 ||   160

Table legend: (Time is in decaauts)
 A = Elapsed time spent in this place.
 B = Non-inter-level travel time spent in this place.
 C = Inter-level travel time spent in this place.
 D = Time resting spent in this place.
 E = Time spent auto-exploring this place.
 F = Levels seen in this place.
 G = Mean time per level.
                   A        B        C        D        E       F      G
               +--------+--------+--------+--------+--------+-----+--------+
         Total |   9236 |   8335 |    901 |    236 |   6549 |  10 |  923.6 |
       Dungeon |   8885 |   7984 |    901 |    225 |   6375 |   8 | 1110.6 |
        Temple |      1 |      1 |      0 |      0 |      0 |   1 |    1.0 |
       Ossuary |    348 |    348 |      0 |     11 |    174 |   1 |  348.0 |
               +--------+--------+--------+--------+--------+-----+--------+

Top non-repeatable levels by time:
     D:7: 1796 daAuts
     D:1: 1336 daAuts
     D:4: 1201 daAuts
     D:2: 1185 daAuts
     D:3: 1039 daAuts
     D:5: 1002 daAuts
     D:6: 751 daAuts
     D:8: 572 daAuts
 Ossuary: 348 daAuts
  Temple: 1 daAuts
